cohdb
Replays
Latest Replays
All Replays
Popular Replays
Top Player Replays
Match Explorer
How It Works
Community
CoH3 Stats
Reddit
Sign in to upload your games and track your stats! →
Sign in with Steam
Match 29211865
Unlisted
Match 29211865
Overview
Messages
Build Orders
End
Kettenkrad Recon Vehicle
Selects Italian Coastal Battlegroup
Selects Coastal Reserves
Coastal Reserve
Construct Infanterie Kompanie
Sniper
Coastal Reserve
Coastal Reserve
Medical Bunker
Infanterie Officer Quarters
Construct Luftwaffe Kompanie
Flak 30 Anti-aircraft Gun Team
Kettenkrad Recon Vehicle
Selects Artillery Officer
Selects Support Bunkers
Support Elements
Selects Coastal Wall
Anti-tank Bunker
Marder III M Tank Destroyer
Anti-tank Bunker
Sniper
Artillery Officer
Pioneer Squad
Anti-tank Bunker
Selects Designated Artillery Overwatch
Pioneer Squad
Anti-tank Bunker
Selects Bulwark
Wirbelwind Flakpanzer
Kettenkrad Recon Vehicle
Anti-tank Bunker
Marder III M Tank Destroyer
Anti-tank Bunker
Repair Bunker
Designated Artillery Overwatch
Kettenkrad Recon Vehicle
Anti-tank Bunker
Designated Artillery Overwatch
Sniper
Sniper
Designated Artillery Overwatch
Kettenkrad Recon Vehicle
DanceFKRdance
^3
0
0
Comments
sign in to comment!
No comments posted yet!